 Dungeon Crawl Stone Soup version 0.29-a0-813-g4a14ea37d6 (webtiles) character file.

Game seed: 10990024171879213766

10273 blackman the Skirmisher (level 11, 0/70 HPs)
             Began as a Human Artificer on July 4, 2022.
             Was a High Priest of Trog.
             Slain by a gnoll
             ... wielding a +0 halberd
             ... led by a gnoll sergeant
              (5 damage)
             ... on level 10 of the Dungeon on July 5, 2022.
             The game lasted 00:24:38 (10003 turns).

blackman the Skirmisher (Human Artificer)          Turns: 10003, Time: 00:24:38

Health: 0/70       AC:  7    Str: 17    XL:     11   Next: 89%
Magic:  0/11       EV: 11    Int: 12    God:    Trog [*****.]
Gold:   611        SH:  0    Dex: 13    Spells: 10/10 levels left

rFire   . . .      SeeInvis .   a - +4 arbalest (flame)
rCold   + . .      Faith    .   (shield currently unavailable)
rNeg    . . .      Spirit   +   f - +0 troll leather armour
rPois   +          Reflect  .   S - +0 helmet
rElec   .          Harm     .   W - +0 cloak
rCorr   .          Rampage  .   (no gloves)
Will    .....                   m - +0 pair of boots
Stlth   +.........              D - amulet of guardian spirit
HPRegen 1.01/turn               y - ring of poison resistance
MPRegen 0.12/turn               i - ring of protection from cold

@: no status effects
A: no striking features
a: Renounce Religion, Berserk, Trog's Hand, Brothers in Arms


You were on level 10 of the Dungeon.
You worshipped Trog.
Trog was extremely pleased with you.
You visited 1 branch of the dungeon, and saw 11 of its levels.
You also visited: Sewer.

You collected 611 gold pieces.

Inventory:

Hand Weapons
 a - a +4 arbalest of flaming (weapon)
 b - a +0 trident
 k - a +0 club
Missiles
 J - a throwing net
 T - 3 curare-tipped darts
Armour
 f - a +0 troll leather armour (worn)
 h - a +0 leather armour
 m - a +0 pair of boots (worn)
 F - a +0 scale mail
 N - +0 steam dragon scales
 S - a +0 helmet (worn)
 W - a +0 cloak (worn)
Jewellery
 i - a ring of protection from cold (right hand)
 y - a ring of poison resistance (left hand)
 D - an amulet of guardian spirit (around neck)
 L - a ring of protection from fire
 V - a ring of flight
Wands
 c - a wand of flame (26)
 d - a wand of charming (26)
 e - a wand of iceblast (5)
 A - a wand of roots (19)
 P - a wand of mindburst (12)
 R - a wand of digging (2)
Scrolls
 g - 6 scrolls of teleportation
 l - 3 scrolls of noise
 o - 4 scrolls of enchant armour {unknown}
 p - a scroll of amnesia
 q - 2 scrolls of immolation
 w - 3 scrolls of fog
 x - a scroll of summoning {unknown}
 z - a scroll of vulnerability {unknown}
 E - 2 scrolls of silence {unknown}
 G - a scroll of torment {unknown}
 M - a scroll of fear
 Q - a scroll of magic mapping {unknown}
 U - a scroll of brand weapon {unknown}
 Z - a scroll of identify
Potions
 j - a potion of resistance
 n - 2 potions of lignification
 r - 4 potions of might {unknown}
 s - 4 potions of cancellation {unknown}
 t - 6 potions of haste {unknown}
 u - a potion of mutation {unknown}
 v - 2 potions of magic
 B - 6 potions of attraction {unknown}
 C - 2 potions of berserk rage {unknown}
 H - 2 potions of brilliance {unknown}
 I - 2 potions of curing {unknown}
 K - a potion of flight {unknown}
 O - 2 potions of degeneration {unknown}
 X - a potion of ambrosia {unknown}
Miscellaneous
 Y - a tin of tremorstones (inert)


   Skills:
 - Level 1.0 Fighting
 * Level 13.5 Ranged Weapons
 - Level 2.0 Armour
 - Level 1.0 Dodging
 - Level 1.0 Stealth
 + Level 12.1 Evocations


You had 10 spell levels left.
You didn't know any spells.
Your spell library was empty.

Dungeon Overview and Level Annotations

Branches:
Dungeon (11/15)            Temple (0/1) D:5            Lair (0/6) D:8
    Orc (0/2) D:10          Sewer (visited)

Altars:
Elyvilon
Gozag
Qazlal
Ru
Trog
Wu Jian
Xom
Yredelemnul
Zin

Annotations:
D:10 1 runed translucent door, pokeman's ghost, novice DEHW


Message History

Press: ? - help, Shift-Dir - straight line, f - yak
Aim: a yak (severely wounded, 74% to hit)
You shoot a bolt. The bolt hits the yak!
The bolt burns the yak.
The yak is almost dead.
The gnoll hits you from afar with a +0 halberd.
* * * LOW HITPOINT WARNING * * *
The yak barely misses you.
Fire: a) +4 arbalest (flame)
Press: ? - help, Shift-Dir - straight line, f/p - yak
Aim: a yak (almost dead, 74% to hit)
You shoot a bolt. The bolt hits the yak!
The bolt burns the yak.
You kill the yak!
Trog accepts your kill. The gnoll closely misses you.
The gnoll hits you but does no damage.
Fire: a) +4 arbalest (flame)
Press: ? - help, Shift-Dir - straight line, f - gnoll
Aim: a gnoll, wielding a +0 halberd (68% to hit)
You shoot a bolt. The bolt closely misses the gnoll.
The bolt hits the gnoll!!
The bolt burns the gnoll.
You kill the gnoll!
Trog accepts your kill.
The gnoll hits you from afar with a +0 halberd!
* * * LOW HITPOINT WARNING * * *
Fire: a) +4 arbalest (flame)
Press: ? - help, Shift-Dir - straight line, f/p - gnoll
Aim: a gnoll, wielding a +0 halberd (68% to hit)
You shoot a bolt. The bolt barely misses the gnoll.
The gnoll hits you but does no damage.
Fire: a) +4 arbalest (flame)
Press: ? - help, Shift-Dir - straight line, f/p - gnoll
Aim: a gnoll, wielding a +0 halberd (68% to hit)
You shoot a bolt. The bolt barely misses the gnoll.
The gnoll hits you from afar with a +0 halberd!
* * * LOW HITPOINT WARNING * * *
Fire: a) +4 arbalest (flame)
Press: ? - help, Shift-Dir - straight line, f/p - gnoll
Aim: a gnoll, wielding a +0 halberd (68% to hit)
You shoot a bolt. The bolt barely misses the gnoll.
The gnoll hits you from afar with a +0 halberd.
You die...

.. #. #
########
## ##
#)†.gg.#
...#.
#g#
.....
#†#
##.#.
###@####
.....
#......#
#.#.
#.#.##.#
#.
#...##.#
#.
#..###.#
##
#..###.#
#
#......#
###
##.#####
#..
#...#
#.#


You could see a gnoll.

Vanquished Creatures
  Harold (D:10)
  Joseph (D:7)
  Maggie (D:6)
  An unseen horror (D:10)
  A troll (D:10)
  Prince Ribbit (D:7)
  16 yaks
  A shadow (D:10)
  2 wraiths (D:10)
  Eustachio (D:5)
  A steam dragon (D:8)
  A two-headed ogre zombie (D:10)
  5 water moccasins
  3 orc warriors
  Duvessa (D:7)
  An ice beast (D:8)
  3 black bears (D:8)
  2 sky beasts
  2 ogres
  A centaur (D:7)
  A phantom (D:10)
  4 kobold brigands
  Blork the orc (D:6)
  4 gnoll sergeants
  8 bullfrogs
  A necrophage (D:5)
  2 scorpions
  A water moccasin zombie (D:3)
  8 wights
  Dowan (D:7)
  3 killer bees (D:8)
  A troll zombie (D:10)
  6 howler monkeys
  4 hounds
  3 jellies
  5 orc priests
  A gnoll bouda (D:5)
  7 iguanas
  5 orc wizards
  6 ogre zombies (D:10)
  A hound zombie (D:3)
  17 gnolls
  11 adders
  3 river rats (Sewer)
  3 shadow imps
  2 white imps (D:8)
  An ufetubus (D:4)
  An adder zombie (D:3)
  2 worms
  2 dart slugs (D:1)
  22 orcs
  3 endoplasms
  9 giant cockroaches
  6 goblins
  5 hobgoblins
  7 jackals
  24 kobolds
  7 quokkas
  5 ball pythons
  7 bats
  4 frilled lizards
  3 goblin zombies (D:10)
  2 hobgoblin skeletons (D:10)
  4 hobgoblin zombies (D:10)
  3 orc skeletons (D:10)
  13 orc zombies (D:10)
  22 rats
307 creatures vanquished.

Vanquished Creatures (collateral kills)
  6 rats (Sewer)
6 creatures vanquished.

Vanquished Creatures (others)
  An adder (Sewer)
  47 fungi (D:8)
  48 plants (D:8)
96 creatures vanquished.

Grand Total: 409 creatures vanquished

Notes
Turn   | Place    | Note
-------+----------+-------------------------------------------
     0 | D:1      | blackman the Human Artificer began the quest for the Orb.
     0 | D:1      | Reached XP level 1. HP: 15/15 MP: 1/1
   201 | D:1      | Found a faded altar of an unknown god.
   228 | D:1      | Prayed at the altar of an unknown god.
   228 | D:1      | Became a worshipper of Trog the Wrathful
   228 | D:1      | Reached * piety under Trog
   282 | D:1      | Reached XP level 2. HP: 21/21 MP: 2/2
   690 | D:1      | Reached XP level 3. HP: 19/26 MP: 3/3
  1144 | D:2      | Reached XP level 4. HP: 32/32 MP: 4/4
  1209 | D:2      | Reached ** piety under Trog
  1767 | D:3      | Reached skill level 5 in Evocations
  1808 | D:3      | Found a glowing drain.
  1853 | Sewer    | Entered a sewer
  1905 | Sewer    | Noticed a kobold brigand
  1917 | Sewer    | Killed a kobold brigand
  1918 | Sewer    | Reached XP level 5. HP: 10/37 MP: 5/5
  2083 | Sewer    | Reached *** piety under Trog
  2084 | Sewer    | Reached XP level 6. HP: 38/43 MP: 6/6
  2389 | Sewer    | Identified a scroll of acquirement
  2428 | Sewer    | Acquired a +3 arbalest of flaming
  2661 | D:3      | Reached XP level 7. HP: 42/48 MP: 7/7
  2670 | D:3      | Reached skill level 1 in Ranged Weapons
  2696 | D:3      | Found a basalt altar of Yredelemnul.
  3052 | D:4      | Reached skill level 2 in Ranged Weapons
  3065 | D:4      | Reached **** piety under Trog
  3173 | D:4      | Reached skill level 3 in Ranged Weapons
  3314 | D:4      | Found a white marble altar of Elyvilon.
  3455 | D:5      | Entered Level 5 of the Dungeon
  3456 | D:5      | Noticed Eustachio
  3460 | D:5      | Killed Eustachio
  3461 | D:5      | Reached XP level 8. HP: 54/54 MP: 8/8
  3466 | D:5      | Reached skill level 4 in Ranged Weapons
  3502 | D:5      | Found a staircase to the Ecumenical Temple.
  3711 | D:5      | Reached skill level 5 in Ranged Weapons
  4035 | D:5      | Found a sacrificial altar of Ru.
  4110 | D:5      | Reached skill level 6 in Ranged Weapons
  4147 | D:5      | Reached ***** piety under Trog
  4347 | D:6      | Reached XP level 9. HP: 46/59 MP: 6/9
  4408 | D:6      | Noticed Maggie
  4416 | D:6      | Killed Maggie
  4417 | D:6      | Reached skill level 7 in Ranged Weapons
  4767 | D:6      | Reached skill level 8 in Ranged Weapons
  4906 | D:6      | Found a glowing silver altar of Zin.
  5009 | D:6      | Noticed Blork the orc
  5012 | D:6      | Killed Blork the orc
  5601 | D:7      | Noticed Joseph
  5606 | D:7      | Killed Joseph
  5607 | D:7      | Reached skill level 9 in Ranged Weapons
  5607 | D:7      | Reached XP level 10. HP: 60/65 MP: 8/10
  6128 | D:7      | Reached skill level 10 in Evocations
  6311 | D:7      | Noticed Duvessa
  6312 | D:7      | Noticed Dowan
  6317 | D:7      | Killed Duvessa
  6318 | D:7      | Reached skill level 10 in Ranged Weapons
  6320 | D:7      | Killed Dowan
  6370 | D:7      | Noticed Prince Ribbit
  6373 | D:7      | Killed Prince Ribbit
  6873 | D:8      | Found a shimmering altar of Xom.
  6873 | D:8      | Found a shimmering altar of Xom.
  6873 | D:8      | Found a shimmering altar of Xom.
  6874 | D:8      | Found a shimmering altar of Xom.
  6874 | D:8      | Found a shimmering altar of Xom.
  6874 | D:8      | Found a shimmering altar of Xom.
  6875 | D:8      | Found a shimmering altar of Xom.
  6875 | D:8      | Found a shimmering altar of Xom.
  6934 | D:8      | Found a stormy altar of Qazlal.
  7258 | D:8      | Found a staircase to the Lair.
  7266 | D:8      | Reached skill level 11 in Ranged Weapons
  7280 | D:8      | HP: 3/65 [yak (14)]
  7439 | D:8      | Noticed an anaconda
  7859 | D:9      | Reached XP level 11. HP: 70/70 MP: 11/11
  7955 | D:9      | Reached skill level 12 in Ranged Weapons
  7958 | D:9      | HP: 2/70 [orc priest/nerve-wracking pain (4)]
  8167 | D:9      | Received a gift from Trog
  8668 | D:10     | Entered Level 10 of the Dungeon
  8956 | D:10     | Found an ornate altar of the Wu Jian Council.
  9023 | D:10     | Found an opulent altar of Gozag.
  9491 | D:10     | Noticed Harold
  9710 | D:10     | Killed Harold
  9711 | D:10     | Reached skill level 13 in Ranged Weapons
  9848 | D:10     | Found a staircase to the Orcish Mines.
  9893 | D:10     | Found a runed translucent door.
  9897 | D:10     | Noticed pokeman's ghost (novice DEHW)
 10003 | D:10     | Slain by a gnoll

Illustrated notes

Levels and vault maps discovered:
D:1:      dpeg_arrival_rooms_b, layout_loops_corners, basic_ecumenical_altar
D:2:      layout_loops_ring, serial_forest, infiniplex_forest_clump_long,
          infiniplex_forest_lined_3, infiniplex_forest_straight_2,
          infiniplex_forest_straight_4, infiniplex_forest_lined_1,
          infiniplex_forest_zigzag_1
D:3:      layout_basic, nicolae_yredelemnul_corpse_copse,
          gup_sewer_entry_bubbles, due_unseen_surprise
D:4:      layout_rooms, lemuel_round_altar
D:5:      layout_basic, nicolae_ru_awakened_eye,
          minmay_temple_entry_enclosed_plants, grunt_ministairs_5,
          uniq_eustachio
D:6:      layout_basic, mainiacjoe_overflow_catwalk, uniq_maggie,
          uniq_blork_the_orc
D:7:      layout_basic, serial_aquarium, aquarium_bridge_long_separate
          [aquarium_subvault_bridge, aquarium_subvault_wall,
          aquarium_subvault_window, aquarium_subvault_bridge,
          aquarium_subvault_bridge, aquarium_subvault_wall],
          aquarium_window_corner, aquarium_window_2, aquarium_window_2,
          aquarium_view_2b, uniq_duvessa, uniq_prince_ribbit1, uniq_joseph
D:8:      layout_loops_ring, mainiacjoe_overflow_surrounded_room,
          xom_shifter_show, due_lair_maze_entry_diamond,
          nicolae_underground_beach
D:9:      layout_rooms
D:10:     layout_loops_cross, nicolae_gozag_cash_rules_everything_around_me,
          mainiacjoe_overflow_concentric_impassable, zombieorc2_lemuel,
          hellmonk_ghost_happy_afterlife, uniq_harold
D:11:     layout_small_grid, billiards_dpeg

Skill      XL: |  1  2  3  4  5  6  7  8  9 10 11 |
---------------+----------------------------------+-----
Evocations     | 4 6 7 8 9 11 12 | 12.1
Ranged Weapons | 3 6 9 11 13 | 13.5
Fighting       | |  1.0
Armour         | |  2.0
Dodging        | |  1.0
Stealth        | |  1.0

Action                   |  1- 3 |  4- 6 |  7- 9 | 10-12 || total
-------------------------+-------+-------+-------+-------++-------
Melee: Club              |    35 |       |       |       ||    35
       Trident           |    79 |   227 |       |       ||   306
       Punch             |       |     1 |       |       ||     1
       Arbalest          |       |       |       |     1 ||     1
 Fire: Arbalest          |       |    11 |   245 |   382 ||   638
Evoke: Wand              |       |    10 |     5 |     3 ||    18
       Tin of tremorston |       |       |       |     2 ||     2
  Use: Scroll            |       |     6 |     1 |     6 ||    13
       Potion            |       |     1 |       |       ||     1
 Stab: Sleeping          |     3 |     3 |       |       ||     6
Armor: Troll leather arm |    50 |   120 |    35 |    59 ||   264
       Leather armour    |     2 |       |       |       ||     2
Dodge: Dodged            |    67 |   227 |   100 |   132 ||   526

Table legend: (Time is in decaauts)
 A = Elapsed time spent in this place.
 B = Non-inter-level travel time spent in this place.
 C = Inter-level travel time spent in this place.
 D = Time resting spent in this place.
 E = Time spent auto-exploring this place.
 F = Levels seen in this place.
 G = Mean time per level.
                   A        B        C        D        E       F      G
               +--------+--------+--------+--------+--------+-----+--------+
         Total |  10482 |  10111 |    371 |   1731 |   6076 |  12 |  873.5 |
       Dungeon |   9696 |   9325 |    371 |   1731 |   5598 |  11 |  881.5 |
         Sewer |    786 |    786 |      0 |      0 |    477 |   1 |  786.0 |
               +--------+--------+--------+--------+--------+-----+--------+

Top non-repeatable levels by time:
     D:7: 1312 daAuts
     D:6: 1279 daAuts
     D:9: 1210 daAuts
     D:8: 958 daAuts
     D:5: 936 daAuts
    D:10: 935 daAuts
     D:1: 882 daAuts
     D:2: 846 daAuts
   Sewer: 786 daAuts
     D:3: 728 daAuts
     D:4: 436 daAuts
    D:11: 171 daAuts
